 Dungeon Crawl Stone Soup version 0.29.0-4-gdea44cf6ec (webtiles) character file.

Game seed: 7404410742404233398

64 qw the Chopper (level 4, 0/26 HPs)
             Began as a Tengu Warper on Aug 28, 2022.
             Slain by a gnoll
             ... wielding a +0 spear
              (6 damage)
             ... on level 3 of the Dungeon.
             The game lasted 00:00:12 (2034 turns).

qw the Chopper (Tengu Warper)                       Turns: 2034, Time: 00:00:12

Health: 0/26       AC: 10    Str: 13    XL:     4   Next: 12%
Magic:  8/8        EV:  3    Int: 13    God:
Gold:   72         SH:  0    Dex: 14    Spells: 7/7 levels left

rFire   . . .      SeeInvis .   Y - +0 war axe (vorpal)
rCold   . . .      Faith    .   (no shield)
rNeg    . . .      Spirit   .   k - +0 plate armour
rPois   .          Reflect  .   (helmet restricted)
rElec   .          Harm     .   (no cloak)
rCorr   .          Rampage  .   (no gloves)
Will    .....                   (boots unavailable)
Stlth   ..........              (no amulet)
HPRegen 0.08/turn               (no ring)
MPRegen 0.11/turn               (no ring)

@: no status effects
A: beak, talons 3
a: no special abilities


You were on level 3 of the Dungeon.
You visited 1 branch of the dungeon, and saw 3 of its levels.

You collected 98 gold pieces.
You spent 26 gold pieces at shops.


Innate Abilities, Weirdness & Mutations

You have a beak for a mouth.
You have claws for feet.


   Skills:
 - Level 2.0 Fighting
 - Level 4.4 Axes
 - Level 1.0 Throwing
 + Level 1.8 Armour
 - Level 2.1 Dodging
 - Level 2.0 Spellcasting
 - Level 2.4 Translocations


You had 7 spell levels left.
You didn't know any spells.
Your spell library contained the following spells:

 Spells                   Type           Power      Damage    Failure   Level
 Blink                    Tloc           14%        N/A       100%        2
 Gell's Gravitas          Tloc           7%         N/A       100%        3
 Lesser Beckoning         Tloc           7%         N/A       100%        3
 Teleport Other           Tloc           7%         N/A       100%        3
 Manifold Assault         Tloc           7%         N/A       100%        5

Inventory:

Hand Weapons
 f - a +0 whip
 Y - a +0 vorpal war axe (weapon)
Armour
 k - a +0 plate armour (worn)
Scrolls
 b - 2 scrolls of identify
 c - a scroll of noise {unknown}
Potions
 a - a potion of lignification {unknown}
 h - a potion of brilliance {unknown}
 i - a potion of curing {unknown}
 j - a potion of flight {unknown}

Dungeon Overview and Level Annotations

Branches:
Dungeon (3/15)

Altars:
Yredelemnul

Shops:
D:1 *


Message History

A giant cockroach comes into view.
You slash the giant cockroach!
You kill the giant cockroach!
A gnoll comes into view. It is wielding a +0 spear.
A gnoll comes into view. It is wielding a +0 flail of draining.
The gnoll shouts!
A gnoll comes into view. It is wielding a +0 spear.
The gnoll shouts!
The gnoll barely misses you.
You barely miss the gnoll. You claw the gnoll.
The gnoll is moderately wounded.
The gnoll hits you but does no damage.
You hit the gnoll.
The gnoll is almost dead.
You closely miss the gnoll. The gnoll hits you but does no damage.
The gnoll hits you with a +0 flail of draining.
You feel drained. The gnoll hits you with a +0 spear.
You closely miss the gnoll. Your kick misses the gnoll.
You peck the gnoll, but do no damage.
The gnoll is almost dead.
You hit the gnoll.
The gnoll hits you from afar with a +0 spear.
The gnoll hits you but does no damage.
You feel drained. The gnoll hits you but does no damage.
The gnoll barely misses you.
The gnoll hits you but does no damage. x2
You hit the gnoll.
You kill the gnoll!
You closely miss the gnoll. The gnoll barely misses you.
The gnoll hits you from afar with a +0 spear.
Your life force feels restored.
You have reached level 4!
You feel agile.
You hit the gnoll but do no damage.
The gnoll is severely wounded.
The gnoll hits you but does no damage. The gnoll hits you with a +0 spear.
You hit the gnoll but do no damage. You claw the gnoll.
The gnoll is almost dead.
The gnoll barely misses you. The gnoll hits you with a +0 spear.
You die...

### #### #.. .. .# #.#
###. .# #.# #.. .#
#######.# #.# .# .
#...).#.###.####.###...
#.###.#.##......)....#
#.# #..........@g##.
#.###.#####....?.g...#
#.....# #..######..#
###.### #..# .# #.##
#..# #..######..#
#........<.######.#
#..#.####..........
#...#..............


You could see 2 gnolls.

Vanquished Creatures
  A gnoll (D:3)
  2 dart slugs (D:2)
  6 endoplasms
  2 giant cockroaches
  7 goblins
  A hobgoblin (D:1)
  6 jackals
  5 ball pythons
  4 bats
  2 frilled lizards (D:2)
  6 kobolds
  3 rats (D:2)
45 creatures vanquished.

Notes
Turn   | Place    | Note
-------+----------+-------------------------------------------
     0 | D:1      | qw the Tengu Warper began the quest for the Orb.
     0 | D:1      | Reached XP level 1. HP: 12/12 MP: 4/4
     0 | D:1      | 0 ||| qw: Version: 0.1-a-89-g26bdef1
     0 | D:1      | 0 ||| qw: Game counter: 1150
     0 | D:1      | 0 ||| qw: Always use a shield: true
     0 | D:1      | 0 ||| qw: God list: Okawaru
     0 | D:1      | 0 ||| qw: Allow faded altars: false
     0 | D:1      | 0 ||| qw: Do Orc after D:15 true
     0 | D:1      | 0 ||| qw: Do second Lair branch before Depths: true
     0 | D:1      | 0 ||| qw: Lair rune preference: random
     0 | D:1      | 0 ||| qw: Plans: Normal
     0 | D:1      | 0 ||| PLANNING D:1-11
    93 | D:1      | 93 ||| Stepping ~*~*~tactically~*~*~ (stealth).
    94 | D:1      | 94 ||| Stepping ~*~*~tactically~*~*~ (stealth).
   159 | D:1      | 159 ||| SWAPPING to +0 war axe.
   171 | D:1      | HP: 3/12 [kobold/+0 short sword (1)]
   395 | D:1      | 395 ||| DROPPING +0 hand axe.
   407 | D:1      | 407 ||| Stepping ~*~*~tactically~*~*~ (stealth).
   418 | D:1      | Reached skill level 3 in Axes
   418 | D:1      | Reached XP level 2. HP: 17/17 MP: 6/6
   421 | D:1      | 421 ||| DROPPING +0 club.
   827 | D:1      | Found Lehaddag's Assorted Antiques.
   860 | D:1      | 860 ||| BUYING bubbling dark potion (26 gold).
   860 | D:1      | Bought a bubbling dark potion for 26 gold pieces
   860 | D:1      | 860 ||| SHOPLISTING puce potion (26 gold, have 14).
   860 | D:1      | 860 ||| SHOPLISTING scroll labelled ZUTWUBR URCHIEPEE (29
                  | gold, have 14).
   860 | D:1      | 860 ||| SHOPLISTING topaz-studded plate armour (812 gold,
                  | have 14).
  1084 | D:1      | 1084 ||| UPGRADING to +0 scale mail.
  1094 | D:1      | 1094 ||| DROPPING +0 leather armour.
  1095 | D:1      | 1095 ||| READING scroll labelled JUXTENT BUNEH.
  1096 | D:1      | 1096 ||| DROPPING scroll of blinking.
  1185 | D:2      | Reached XP level 3. HP: 21/21 MP: 7/7
  1272 | D:2      | 1272 ||| Stepping ~*~*~tactically~*~*~ (hiding).
  1393 | D:2      | Reached skill level 4 in Axes
  1486 | D:2      | 1486 ||| Stepping ~*~*~tactically~*~*~ (stealth).
  1598 | D:2      | Found a basalt altar of Yredelemnul.
  1649 | D:2      | 1649 ||| Stepping ~*~*~tactically~*~*~ (hiding).
  1742 | D:2      | 1742 ||| DROPPING +1 vorpal hand axe.
  1743 | D:2      | 1743 ||| UPGRADING to +0 plate armour.
  1753 | D:2      | 1753 ||| DROPPING +0 scale mail.
  1754 | D:2      | 1754 ||| READING scroll labelled SORPHO ZAITOHO.
  1755 | D:2      | 1755 ||| READING scroll labelled FAOTAS KUDWA.
  1756 | D:2      | 1756 ||| READING scroll labelled OSSYL WOUWKANU.
  1796 | D:3      | 1796 ||| STAIRDANCE
  2033 | D:3      | Reached XP level 4. HP: 8/26 MP: 8/8
  2033 | D:3      | HP: 6/26 [gnoll/+0 spear (2)]
  2034 | D:3      | Slain by a gnoll

Levels and vault maps discovered:
D:1:      co_arrival_random_square_maze, layout_basic, serial_shops,
          nicolae_shop_waterfront, minmay_misc_feat_chi
D:2:      cheibrodos_old_hovel, layout_rooms, basic_altar
D:3:      layout_loops_ring, nrook_campfire

Skill      XL: |  1  2  3 |
---------------+----------+-----
Axes           | 3 4 |  4.4
Fighting       | |  2.0
Throwing       | |  1.0
Armour         | |  1.8
Dodging        | |  2.1
Spellcasting   | |  2.0
Translocations | |  2.4

Action                   |  1- 3 |  4- 6 || total
-------------------------+-------+-------++-------
Melee: War axe           |    66 |     2 ||    68
       Hand axe          |     9 |       ||     9
       Kick              |    15 |     1 ||    16
       Peck              |     9 |       ||     9
       Punch             |     1 |       ||     1
Throw: Boomerang         |    43 |       ||    43
  Use: Scroll            |     4 |       ||     4
Armor: Leather armour    |     8 |       ||     8
       Scale mail        |    39 |       ||    39
       Plate armour      |    10 |     1 ||    11
Dodge: Dodged            |    37 |     1 ||    38

Table legend:
 A = Non-vault XP
 B = Vault XP
 C = Vault XP percentage of total XP
 D = Non-vault monster count
 E = Vault monster count
 F = Vault count percentage of total count
                 A         B        C        D         E       F
            +---------+---------+-------+---------+---------+-------
      Total |      90 |       2 |   2.2 |      44 |       1 |   2.2
            +---------+---------+-------+---------+---------+-------
        D:1 |      33 |       0 |   0.0 |      20 |       0 |   0.0
        D:2 |      39 |       2 |   4.9 |      21 |       1 |   4.5
        D:3 |      18 |       0 |   0.0 |       3 |       0 |   0.0
            +---------+---------+-------+---------+---------+-------
